 Dungeon Sprint DCSS version 0.23-a0-183-gf37f6fb (webtiles) character file.

2800000 namelastname112 the Ninja (level 17, -25/112 HPs)
             Began as a Vine Stalker Assassin on Sept 23, 2018.
             Was a Priest of Makhleb.
             Annihilated by a meat berserker
             ... wielding a +9 battleaxe
              (63 damage)
             ... in the Dungeon (Sprint VIII: "Arena of Blood").
             The game lasted 00:00:29 (28 turns).

namelastname112 the Ninja (Vine Stalker Assassin)     Turns: 28, Time: 00:00:30

Health: -25/112    AC:  3    Str: 14    XL:     17   Next: 40%
Magic:  0/18       EV: 21    Int: 11    God:    Makhleb [***...]
Gold:   0          SH:  0    Dex: 23    Spells: 16/16 levels left

rFire    . . .     SeeInvis .   n - +∞ Axe of Woe
rCold    . . .     Gourm    .   (shield currently unavailable)
rNeg     . . .     Faith    .   c - +0 robe
rPois    .         Spirit   +   (no helmet)
rElec    .         Reflect  .   d - +0 cloak
rCorr    .         Harm     .   (no gloves)
MR       ++...     NoTele   +   (no boots)
Stlth    +++++++++.             (no amulet)
HPRegen  1.08/turn              (no ring)
MPRegen  0.16/turn              (no ring)

@: no status effects
A: fangs 3, regeneration 2, magic shield, antimagic bite, no potion heal 3, rot
immunity
a: Minor Destruction, Lesser Servant of Makhleb, Renounce Religion


You were in the Dungeon.
You worshipped Makhleb.
Makhleb was most pleased with you.
You were not hungry.

You visited 1 branch

Inventory:

Hand Weapons
 a - a +2 dagger
 b - a +0 blowgun
 n - the +∞ Axe of Woe (weapon)
   (You found it in the Dungeon)
Missiles
 e - 8 poisoned needles
 f - 2 curare-tipped needles
Armour
 c - a +0 robe (worn)
 d - a +0 cloak (worn)
Scrolls
 m - a scroll of blinking
Potions
 h - a potion of curing
 i - a potion of heal wounds
 j - a potion of haste
 k - 2 potions of magic
 l - a potion of berserk rage
Comestibles
 g - a ration


   Skills:
 + Level 21.8 Fighting
 + Level 20.3 Short Blades
 + Level 21.6 Axes
 + Level 20.2 Throwing
 + Level 9.7 Dodging
 O Level 27 Stealth


You had 16 spell levels left.
You didn't know any spells.
Your spell library was empty.

Dungeon Overview and Level Annotations

Branches:
Dungeon (1/1)

Altars:
Makhleb


Innate Abilities, Weirdness & Mutations

You have razor-sharp teeth.
You heal very quickly.
When hurt, damage is shared between your health and your magic reserves.
Your bite disrupts and absorbs the magic of your enemies.
Potions cannot restore your health.
You are immune to rotting.


Message History

You hear a shout!
You take 15 damage, and have 57/104 hp.
You now have 9/17 mp.
You slash the meat berserker!
You pulverise the meat berserker into a thin bloody mist.
You kill the meat berserker!
Makhleb accepts your kill.
Your Fighting skill increases to level 21!
Your Short Blades skill increases to level 20!
Your Axes skill gained 2 levels and is now at level 21!
Your Throwing skill increases to level 20!
Your Dodging skill increases to level 9!
You have reached level 17!
You are engulfed in blazing flames.
A meat berserker comes into view. It is wielding a +9 battleaxe.
A bag of meat comes into view. It is wielding a +9 war axe.
You hear a shout! x2
The meat berserker is engulfed in blazing flames.
The meat berserker hits you with a +9 battleaxe!!!
Ouch! That really hurt!
You die...

.... .. .... ..
..o #. o.# #..
..# o###..
..###.o
..O...###.......
......§@O...o...
....#.§§§.#o.o..
. #_.§§_# .o.
#.....# .
....._.....
.....z###......
.###.O ..###.
#.. ..# #.. ..#


You could see a sculptor of flesh, 3 meat berserkers and 5 bags of meat.

Vanquished Creatures
  An ogre (D)
  A two-headed ogre (D)
  7 orcs (D)
9 creatures vanquished.

Notes
Turn   | Place    | Note
-------+----------+-------------------------------------------
     0 | D        | Found the +∞ Axe of Woe
     0 | D        | namelastname112 the Vine Stalker Assassin began the quest
                  | for the Orb.
     0 | D        | Reached XP level 1. HP: 11/11 MP: 2/2
     2 | D        | Noticed a bag of meat
     4 | D        | Became a worshipper of Makhleb the Destroyer
     4 | D        | Noticed a bag of meat
     4 | D        | Noticed a bag of meat
     5 | D        | Noticed a bag of meat
     5 | D        | Noticed a bag of meat
     6 | D        | Noticed a bag of meat
     6 | D        | Noticed a bag of meat
     9 | D        | Killed a bag of meat
     9 | D        | Reached skill level 5 in Axes
     9 | D        | Reached skill level 27 in Stealth
     9 | D        | Reached XP level 2. HP: 23/23 MP: 3/3
     9 | D        | Reached XP level 3. HP: 26/26 MP: 4/4
     9 | D        | Gained mutation: Your natural rate of healing is unusually
                  | fast. [Vine Stalker growth]
     9 | D        | Reached XP level 4. HP: 31/31 MP: 5/5
     9 | D        | Reached XP level 5. HP: 35/35 MP: 6/6
     9 | D        | Reached XP level 6. HP: 39/39 MP: 7/7
     9 | D        | Reached XP level 7. HP: 44/44 MP: 8/8
     9 | D        | Gained mutation: You have razor-sharp teeth. [Vine Stalker
                  | growth]
     9 | D        | Reached XP level 8. HP: 48/48 MP: 9/9
     9 | D        | Reached XP level 9. HP: 52/52 MP: 10/10
     9 | D        | Reached XP level 10. HP: 57/57 MP: 11/11
     9 | D        | Reached XP level 11. HP: 60/60 MP: 12/12
     9 | D        | Gained mutation: You heal very quickly. [Vine Stalker
                  | growth]
     9 | D        | Reached XP level 12. HP: 65/65 MP: 13/13
    10 | D        | Killed a bag of meat
    10 | D        | Reached * piety under Makhleb
    10 | D        | Reached XP level 13. HP: 74/74 MP: 14/14
    10 | D        | Noticed a bag of meat
    12 | D        | Killed a bag of meat
    12 | D        | Reached skill level 5 in Dodging
    12 | D        | Reached XP level 14. HP: 83/83 MP: 15/15
    12 | D        | Noticed a bag of meat
    13 | D        | Killed a bag of meat
    13 | D        | Reached skill level 15 in Fighting
    13 | D        | Reached skill level 15 in Short Blades
    13 | D        | Reached skill level 15 in Throwing
    13 | D        | Noticed a bag of meat
    14 | D        | Noticed a bag of meat
    17 | D        | Killed a bag of meat
    17 | D        | Reached ** piety under Makhleb
    17 | D        | Reached XP level 15. HP: 92/92 MP: 16/16
    18 | D        | Reached skill level 15 in Axes
    19 | D        | Noticed a large bag of meat
    21 | D        | Reached XP level 16. HP: 101/101 MP: 17/17
    23 | D        | Noticed a meat berserker
    24 | D        | Noticed a meat berserker
    26 | D        | Killed a large bag of meat
    26 | D        | Reached *** piety under Makhleb
    27 | D        | Noticed a meat berserker
    27 | D        | Noticed a sculptor of flesh
    28 | D        | Killed a meat berserker
    28 | D        | Reached XP level 17. HP: 61/112 MP: 9/18
    28 | D        | Noticed a meat berserker
    28 | D        | Annihilated by a meat berserker

Vault maps used:
D:        meatsprint

Skill      XL: |  1  2  3  4  5  6  7  8  9 10 11 12 13 14 15 16 |
---------------+-------------------------------------------------+-----
Fighting       | 8 11 13 16 18 21 | 21.8
Short Blades   | 9 12 14 16 18 20 | 20.3
Axes           | 5 8 11 14 17 21 | 21.6
Throwing       | 9 12 14 16 18 20 | 20.2
Dodging        | 2 4 5 6 7 9 |  9.7
Stealth        | 27 | 27.0

Action                   |  1- 3 |  4- 6 |  7- 9 | 10-12 | 13-15 | 16-18 || total
-------------------------+-------+-------+-------+-------+-------+-------++-------
Melee: Executioner's axe |     1 |       |       |     1 |     5 |     2 ||     9
 Stab: Distracted        |       |       |       |       |     1 |       ||     1

Table legend:
 A = Non-vault XP
 B = Vault XP
 C = Vault XP percentage of total XP
 D = Non-vault monster count
 E = Vault monster count
 F = Vault count percentage of total count
                 A         B        C        D         E       F
            +---------+---------+-------+---------+---------+-------
      Total |   55959 |  150800 |  72.9 |       2 |       7 |  77.8
            +---------+---------+-------+---------+---------+-------
          D |   55959 |  150800 |  72.9 |       2 |       7 |  77.8
            +---------+---------+-------+---------+---------+-------
